[Event "Late Titled Tuesday Blitz February 8 2022"]
[White "Gomez Ledo, Roberto Carlos"]
[Black "Costachi, Mihnea"]
[WhiteFideId "3507076"]
[BlackFideId "1217518"]
[WhiteElo "2379"]
[BlackElo "2464"]
[Result "1-0"]
[Round "09"]
[TimeControl "180+1"]
[Date "2022.02.08"]
[WhiteClock "0:00:04"]
[BlackClock "0:00:18"]

1. d4 Nf6 2. Bf4 d5 3. e3 c6 4. Nd2 g6 5. h3 Bg7 6. Ngf3 O-O 7. Be2 Bf5 8. O-O Ne4 9. Nxe4 Bxe4 10. c3 Bxf3 11. Bxf3 Nd7 12. a4 e5 13. Bh2 e4 14. Be2 f5 15. c4 Nf6 16. b4 g5 17. b5 Kh8 18. a5 a6 19. cxd5 cxb5 20. d6 Ne8 21. Qb3 f4 22. Qd5 Nxd6 23. Bg4 Qe7 24. Rfc1 Nc4 25. exf4 gxf4 26. Re1 e3 27. fxe3 Nxe3 28. Qf3 Bxd4 29. Kh1 Bxa1 30. Rxa1 Nxg4 31. Qxg4 Qg7 32. Qd1 Rad8 33. Qf1 Rd2 34. Re1 h6 35. Qf3 Rg8 36. Rg1 Rd6 37. Bxf4 Rf6 38. Qe3 Rf5 39. Bxh6 Qe5 40. Qc1 Kh7 41. Bd2 Rg3 42. Be1 Rg6 43. Bc3 Qe2 44. Qb1 Rf2 45. Qb4 Rf5 46. Qh4+ Rh6 47. Qd8 Qe6 48. Qh8+ Kg6 49. Qg7+ Kh5 50. Qg4# 1-0


[Site "https://www.chess.com"]

[Event "Late Titled Tuesday Blitz February 8 2022"]
[White "Goryachkina, Aleksandra"]
[Black "Nihal Sarin"]
[WhiteFideId "4147103"]
[BlackFideId "25092340"]
[WhiteElo "2426"]
[BlackElo "2705"]
[Result "1/2-1/2"]
[Round "09"]
[TimeControl "180+1"]
[Date "2022.02.08"]
[WhiteClock "0:00:36"]
[BlackClock "0:02:36"]

1. e4 e5 2. Nf3 Nc6 3. d4 exd4 4. Nxd4 Nf6 5. Nxc6 bxc6 6. e5 Qe7 7. Qe2 Nd5 8. g3 a5 9. c4 Ba6 10. b3 g6 11. Ba3 Nb4 12. Bb2 Bg7 13. a3 Nd5 14. Nd2 O-O 15. Bg2 Nb6 16. O-O a4 17. b4 d5 18. Rfc1 Nxc4 19. Nxc4 Bxc4 20. Qe3 Bb5 21. Bd4 Rfe8 22. f4 Qf6 1/2-1/2


[Site "https://www.chess.com"]

[Event "Late Titled Tuesday Blitz February 8 2022"]
[White "Gurevich, Dmitry"]
[Black "Chernomordik, Pavel"]
[WhiteFideId "2000407"]
[BlackFideId "2804530"]
[WhiteElo "2506"]
[BlackElo "2249"]
[Result "1/2-1/2"]
[Round "09"]
[TimeControl "180+1"]
[Date "2022.02.09"]
[WhiteClock "0:00:07"]
[BlackClock "0:00:08"]

1. Nf3 g6 2. d4 Bg7 3. c4 d6 4. Nc3 Nc6 5. d5 Ne5 6. Nxe5 Bxe5 7. e4 c6 8. Bd3 Nf6 9. O-O O-O 10. h3 e6 11. dxe6 Bxe6 12. Bh6 Re8 13. Qd2 d5 14. cxd5 cxd5 15. Bb5 Bd7 16. Bxd7 Qxd7 17. exd5 Rac8 18. Rad1 b5 19. f4 Bxc3 20. bxc3 Rc4 21. f5 Ne4 22. Qd3 Nxc3 23. Rde1 Ne4 24. fxg6 hxg6 25. Rf4 f5 26. g4 Nc5 27. Rxe8+ Qxe8 28. Qd2 Rxf4 29. Bxf4 fxg4 30. hxg4 Qd7 31. Qe2 Qxd5 32. Qe8+ Kh7 33. Qe7+ Kg8 34. Be5 Qd1+ 35. Kg2 Qxg4+ 36. Kf1 Qf3+ 37. Kg1 Qg4+ 38. Kf1 Qf3+ 39. Kg1 Qg4+ 40. Kf1 1/2-1/2


[Site "https://www.chess.com"]

[Event "Late Titled Tuesday Blitz February 8 2022"]
[White "Horvath, Dominik"]
[Black "Demchenko, Anton"]
[WhiteFideId "1642561"]
[BlackFideId "4160258"]
[WhiteElo "2336"]
[BlackElo "2539"]
[Result "0-1"]
[Round "09"]
[TimeControl "180+1"]
[Date "2022.02.08"]
[WhiteClock "0:00:03"]
[BlackClock "0:00:08"]

1. e4 e5 2. Nf3 Nc6 3. d4 exd4 4. Nxd4 Bc5 5. Nb3 Bb6 6. Nc3 d6 7. Qe2 a5 8. Be3 a4 9. Bxb6 axb3 10. Be3 bxa2 11. Rxa2 Rxa2 12. Nxa2 Nge7 13. Nc3 O-O 14. Qd2 Be6 15. Be2 f5 16. O-O h6 17. Re1 Qd7 18. Bf1 fxe4 19. Nxe4 Nf5 20. Ng3 Nxe3 21. Qxe3 Bf7 22. Qd2 Re8 23. Rxe8+ Qxe8 24. h3 Qe5 25. c3 Na5 26. Qd1 b6 27. Qa4 Qe8 28. Qg4 Be6 29. Qf4 Nc6 30. Bb5 Bd7 31. Bc4+ Kh8 32. Kh2 Ne5 33. Bd5 c6 34. Be4 Qf7 35. Qe3 Nc4 36. Qd4 d5 37. Bd3 Nxb2 38. Be2 c5 39. Qe3 Nc4 40. Bxc4 dxc4 41. Ne4 Qe7 42. Qf4 Bc6 43. Nd6 Bd5 44. Nf5 Qf6 0-1


[Site "https://www.chess.com"]

[Event "Late Titled Tuesday Blitz February 8 2022"]
[White "Ibarra Jerez, Jose Carlos"]
[Black "Garriga Cazorla, Pere"]
[WhiteFideId "2226332"]
[BlackFideId "32011601"]
[WhiteElo "2626"]
[BlackElo "2458"]
[Result "0-1"]
[Round "09"]
[TimeControl "180+1"]
[Date "2022.02.08"]
[WhiteClock "0:00:01"]
[BlackClock "0:00:33"]

1. e4 c5 2. Nc3 Nc6 3. Bb5 Nd4 4. Nf3 a6 5. Bd3 Nc6 6. O-O e6 7. Nd5 g5 8. Ne3 h5 9. c3 Bg7 10. Bc2 g4 11. Ne1 Nge7 12. f4 gxf3 13. Nxf3 Ng6 14. d4 cxd4 15. cxd4 Nh4 16. d5 Nxf3+ 17. Qxf3 Ne5 18. Qg3 Ng6 19. Nc4 O-O 20. Bg5 h4 21. Qg4 Qc7 22. Bb3 d6 23. Qh5 a5 24. a4 Bd7 25. Bf6 Rac8 26. Kh1 Qc5 27. Qg5 Qb4 28. Bxg7 Kxg7 29. Qf6+ Kg8 30. Rf3 Rxc4 31. Bxc4 Qxc4 32. Raf1 Qxe4 33. dxe6 Bxe6 34. h3 Rc8 35. Qg5 Qe5 36. Qh6 Qxb2 37. Rf6 Qc2 38. R6f2 Qe4 39. Rf6 Rc2 40. R6f2 Rxf2 41. Rxf2 Qe1+ 42. Kh2 Qxf2 43. Kh1 Bd5 44. Qg7+ Kxg7 0-1


[Site "https://www.chess.com"]

[Event "Late Titled Tuesday Blitz February 8 2022"]
[White "Indjic, Aleksandar"]
[Black "Martirosyan, Haik M."]
[WhiteFideId "911925"]
[BlackFideId "13306553"]
[WhiteElo "2616"]
[BlackElo "2735"]
[Result "1-0"]
[Round "09"]
[TimeControl "180+1"]
[Date "2022.02.08"]
[WhiteClock "0:00:01"]
[BlackClock "0:00:01"]

1. d4 Nf6 2. Nf3 d5 3. Bf4 c5 4. e3 cxd4 5. exd4 Nc6 6. Nbd2 Bf5 7. c3 e6 8. Be2 Bd6 9. Bg3 O-O 10. O-O Bxg3 11. hxg3 h6 12. Re1 Rb8 13. a4 Ne7 14. Qb3 Nc8 15. Nf1 Nd6 16. Ne3 Bh7 17. Nd2 Qd7 18. a5 Rfc8 19. Qb4 Qc7 20. Bf1 Qd8 21. Qb3 Rc6 22. Nc2 b5 23. Nb4 Rcc8 24. Na6 Nc4 25. Nf3 Rb7 26. Nc5 Rbb8 27. Qb4 Ne4 28. Nd3 a6 29. Rec1 Ncd6 30. Qa3 Nc4 31. Qa2 Bf5 32. Nb4 Ra8 33. Re1 g5 34. Bd3 Kg7 35. Nh2 h5 36. Bxe4 Bxe4 37. b3 Nd6 38. Qd2 Bf5 39. f3 Qf6 40. Nf1 Bg6 41. Rac1 Rh8 42. Nc6 h4 43. g4 h3 44. Ne5 hxg2 45. Kxg2 Rh6 46. Ng3 Rah8 47. Rh1 Rxh1 48. Rxh1 Rxh1 49. Nxh1 Nb7 50. b4 Nd6 51. Nf2 Qe7 52. Qe2 Bh7 53. Ned3 Nc4 54. Nc5 Qd6 55. Nfd3 Bg8 56. Ne5 f6 57. Nxc4 bxc4 58. Qe1 e5 59. Qg3 Qe7 60. Qf2 exd4 61. Qxd4 Qe2+ 62. Qf2 Qd1 63. Nxa6 d4 64. Qxd4 Qxd4 65. cxd4 c3 66. Nc5 Bc4 67. a6 c2 68. a7 c1=Q 69. a8=Q Qf1+ 70. Kh2 Qf2+ 71. Kh1 Qf1+ 72. Kh2 Qf2+ 73. Kh1 Bf1 74. Qa7+ 1-0


[Site "https://www.chess.com"]

[Event "Late Titled Tuesday Blitz February 8 2022"]
[White "Jaskolka, Tomasz"]
[Black "Noboa Silva, Kevin"]
[WhiteFideId "1170791"]
[BlackFideId "3618471"]
[WhiteElo "2054"]
[BlackElo "2161"]
[Result "0-1"]
[Round "09"]
[TimeControl "180+1"]
[Date "2022.02.09"]
[WhiteClock "0:00:04"]
[BlackClock "0:00:59"]

1. e4 c5 2. Nf3 e6 3. d4 cxd4 4. Nxd4 Nc6 5. g3 Qc7 6. Nc3 a6 7. Bg2 Nf6 8. O-O d6 9. Be3 Bd7 10. h3 Be7 11. Qd2 O-O 12. Rad1 Rac8 13. Qe2 b5 14. a3 Rfe8 15. f4 Na5 16. Kh2 Nc4 17. Bc1 Nxa3 18. e5 b4 19. exf6 Bxf6 20. bxa3 Qxc3 21. Nf3 Bb5 22. Qd2 Bxf1 23. Rxf1 bxa3 24. Qxd6 a2 25. Bd2 Qxc2 26. Ne5 Rcd8 27. Qc6 Qxc6 28. Bxc6 Rxd2+ 29. Kg1 Rc8 30. Bb7 Rcc2 31. Ra1 Rb2 32. Be4 Bxe5 33. fxe5 Re2 34. Rd1 g6 0-1


[Site "https://www.chess.com"]

[Event "Late Titled Tuesday Blitz February 8 2022"]
[White "Karttunen, Mika"]
[Black "Hoffmann, Asa"]
[WhiteFideId "502081"]
[BlackFideId "2001470"]
[WhiteElo "2343"]
[BlackElo "2117"]
[Result "0-1"]
[Round "09"]
[TimeControl "180+1"]
[Date "2022.02.09"]
[WhiteClock "0:00:06"]
[BlackClock "0:00:08"]

1. c4 Nf6 2. Nc3 d6 3. g3 c6 4. Bg2 e5 5. d3 Be7 6. Nf3 O-O 7. O-O Nbd7 8. b4 Qc7 9. Rb1 Re8 10. b5 Bf8 11. bxc6 bxc6 12. Ba3 Nb6 13. Nd2 Be6 14. Nb3 d5 15. cxd5 cxd5 16. Nb5 Qd7 17. Nc5 Bxc5 18. Bxc5 Bh3 19. Qd2 Bxg2 20. Kxg2 Na4 21. Qb4 Nxc5 22. Qxc5 Rec8 23. Qa3 a6 24. Nd6 Rc6 25. Nb7 d4 26. Kg1 Nd5 27. Na5 Rc2 28. Rb7 Qg4 29. Qb3 Rc5 30. Rb8+ Rxb8 31. Qxb8+ Qc8 32. Qxc8+ Rxc8 33. Nc4 f6 34. a4 Nc3 35. Re1 Nxa4 36. f4 Rc5 37. fxe5 fxe5 38. Kf2 Nc3 39. Ra1 e4 40. Rxa6 h6 41. Ra8+ Kh7 42. Rf8 exd3 43. exd3 Rb5 44. Rf4 Rb3 45. Rxd4 Nb5 46. Rd7 Rc3 47. h4 Rc2+ 48. Kf3 Nc3 49. h5 Nd1 50. Ne5 Rf2+ 51. Kg4 Ne3+ 52. Kh3 Rf5 53. Ng6 Rxh5+ 54. Nh4 Nf5 55. Kg4 Rg5+ 56. Kf4 Nxg3 57. Nf3 Nh5+ 58. Ke4 Nf6+ 59. Ke3 Nxd7 60. Nxg5+ hxg5 61. Kf3 Kg6 62. Kg4 Kf6 63. d4 Nb6 64. d5 Nxd5 0-1


[Site "https://www.chess.com"]

[Event "Late Titled Tuesday Blitz February 8 2022"]
[White "Kim, Sergey"]
[Black "Kamsky, Gata"]
[WhiteFideId "13700570"]
[BlackFideId "2000024"]
[WhiteElo "2616"]
[BlackElo "2645"]
[Result "0-1"]
[Round "09"]
[TimeControl "180+1"]
[Date "2022.02.08"]
[WhiteClock "0:00:23"]
[BlackClock "0:01:00"]

1. d4 f5 2. c4 Nf6 3. g3 d6 4. Bg2 g6 5. Nf3 Bg7 6. O-O O-O 7. Nc3 c6 8. Re1 Na6 9. b3 Qa5 10. Bb2 e5 11. a3 e4 12. Nd2 Be6 13. Nf1 d5 14. c5 Qd8 15. b4 Nc7 16. a4 a6 17. Bc1 Nh5 18. f3 Bf7 19. Be3 Ne6 20. Qd2 Qf6 21. Rad1 f4 22. gxf4 exf3 23. Bxf3 Nhxf4 24. Kh1 a5 25. b5 Qh4 26. Ng3 Nh3 27. Rf1 Rae8 28. Bg2 Neg5 29. Bxg5 Nxg5 30. Rf4 Qh6 31. e3 Nh3 32. Rf3 Be6 33. Rdf1 Rxf3 34. Rxf3 Bg4 35. Rf1 Qxe3 36. Qxe3 Rxe3 37. Nd1 Bxd1 38. Bxh3 Bxa4 39. b6 Bxd4 0-1


[Site "https://www.chess.com"]

[Event "Late Titled Tuesday Blitz February 8 2022"]
[White "Kopylov, Alexander A."]
[Black "Howell, David W L"]
[WhiteFideId "4164857"]
[BlackFideId "410608"]
[WhiteElo "2436"]
[BlackElo "2559"]
[Result "0-1"]
[Round "09"]
[TimeControl "180+1"]
[Date "2022.02.08"]
[WhiteClock "0:00:04"]
[BlackClock "0:00:17"]

1. e4 d6 2. Nf3 Nf6 3. Nc3 e5 4. d4 Nbd7 5. Bc4 Be7 6. g4 c6 7. g5 Nxe4 8. Nxe4 d5 9. Bd3 dxe4 10. Bxe4 O-O 11. Qd3 g6 12. Be3 exd4 13. Bxd4 Nc5 14. Bxc5 Qxd3 15. Bxd3 Bxc5 16. O-O Bh3 17. Rfe1 f6 18. Nd2 fxg5 19. Ne4 Bb6 20. a4 a5 21. Ra3 Be6 22. Re2 g4 23. Ng5 Bd5 24. c4 Bf3 25. Rc2 Bc5 26. Rb3 b6 27. Be4 Rae8 28. Bxf3 gxf3 29. Nxf3 Re4 30. Rd3 Rg4+ 31. Kf1 Rgf4 32. Kg2 Rg4+ 33. Kf1 Re4 34. b3 h6 35. Re2 Rxe2 36. Kxe2 g5 37. Rd7 g4 38. Ne5 Rxf2+ 39. Kd3 h5 40. Nxc6 Rxh2 41. Ne5 Rf2 42. Ke4 g3 43. Rd3 h4 44. Nf3 g2 45. Rd1 Rxf3 46. Kxf3 g1=Q 47. Rxg1+ Bxg1 48. Kg4 Bf2 0-1


[Site "https://www.chess.com"]

[Event "Late Titled Tuesday Blitz February 8 2022"]
[White "Kouskoutis, Georgios-Alexandros"]
[Black "Mirzoev, Azer"]
[WhiteFideId "4234049"]
[BlackFideId "13400304"]
[WhiteElo "2130"]
[BlackElo "2525"]
[Result "1-0"]
[Round "09"]
[TimeControl "180+1"]
[Date "2022.02.09"]
[WhiteClock "0:00:02"]
[BlackClock "0:00:03"]

1. c4 c5 2. g3 g6 3. Bg2 Bg7 4. Nc3 Nc6 5. e4 a6 6. a4 d6 7. Nge2 Nh6 8. O-O O-O 9. d3 Rb8 10. h3 f5 11. Rb1 Nf7 12. exf5 Bxf5 13. g4 Bd7 14. f4 Nb4 15. Be3 Bc6 16. d4 Bxg2 17. Kxg2 cxd4 18. Bxd4 e5 19. fxe5 Nxe5 20. Rxf8+ Qxf8 21. Bxe5 Bxe5 22. Nd5 Nxd5 23. Qxd5+ Qf7 24. Qxf7+ Kxf7 25. b3 b5 26. cxb5 axb5 27. a5 b4 28. Rd1 Rb5 29. Nd4 Rxa5 30. Nc6 Ra2+ 31. Kf3 Rb2 32. Rd3 Bc3 33. Ke4 Rxb3 34. Kd5 Rb1 35. Kxd6 Re1 36. Kc5 Re4 37. Na5 Kf6 38. Nc4 Kg5 39. Ne3 Re5+ 40. Kc4 Kf4 41. Nd5+ Kg5 42. Nxc3 bxc3 43. Kxc3 Kh4 44. Kd4 Re8 45. Rf3 1-0


[Site "https://www.chess.com"]

[Event "Late Titled Tuesday Blitz February 8 2022"]
[White "Kraus, Tomas"]
[Black "Pulvett Marin, Daniel Eduardo"]
[WhiteFideId "331708"]
[BlackFideId "3900410"]
[WhiteElo "2389"]
[BlackElo "2413"]
[Result "0-1"]
[Round "09"]
[TimeControl "180+1"]
[Date "2022.02.09"]
[WhiteClock "0:00:46"]
[BlackClock "0:01:31"]

1. Nf3 Nf6 2. c4 g6 3. Nc3 Bg7 4. d4 O-O 5. Bg5 d6 6. e3 Nbd7 7. Be2 e5 8. h3 h6 9. Bh4 Re8 10. O-O e4 11. Nd2 g5 12. Bg3 Nf8 13. b4 Ng6 14. c5 d5 15. b5 Bf5 16. c6 b6 17. a4 Qc8 18. Re1 Bxh3 19. gxh3 Qxh3 20. Bf1 Qf5 21. Bxc7 h5 22. Bg2 g4 23. Nf1 Nh4 24. Ng3 Qg6 25. Nce2 Nf3+ 26. Bxf3 gxf3 27. Nf4 Qg4 28. Kh2 Qh4+ 29. Kg1 Ng4 30. Qc2 Qh2+ 31. Kf1 h4 0-1


[Site "https://www.chess.com"]

[Event "Late Titled Tuesday Blitz February 8 2022"]
[White "Kravtsiv, Martyn"]
[Black "Michelakos, Panagiotis"]
[WhiteFideId "14113147"]
[BlackFideId "4216067"]
[WhiteElo "2694"]
[BlackElo "2140"]
[Result "1-0"]
[Round "09"]
[TimeControl "180+1"]
[Date "2022.02.08"]
[WhiteClock "0:00:11"]
[BlackClock "0:00:01"]

1. e4 c5 2. Nf3 g6 3. d4 cxd4 4. Nxd4 Bg7 5. c4 Nc6 6. Be3 Nf6 7. Nc3 Ng4 8. Qxg4 Nxd4 9. Qd1 e5 10. Bd3 O-O 11. O-O d6 12. Nd5 Be6 13. Qd2 a6 14. Rac1 Bxd5 15. cxd5 Qd7 16. Rc3 Rac8 17. Rfc1 Bf6 18. Bf1 Rfe8 19. h3 h5 20. f4 Nb5 21. Rxc8 Rxc8 22. Rxc8+ Qxc8 23. a4 Nd4 24. fxe5 dxe5 25. Qc3 Qd7 26. Qc4 Kg7 27. a5 Qd6 28. Bd2 Be7 29. Bd3 b5 30. Qc8 Nb3 31. Bc3 b4 32. Be1 Nxa5 33. Bf2 Nb3 34. Qxa6 Qxa6 35. Bxa6 Bc5 36. Bc4 Bxf2+ 37. Kxf2 Nc5 38. Ke3 h4 39. d6 Kf8 40. Bb5 f5 41. exf5 gxf5 42. Kf3 Ne4 43. d7 Ke7 44. Bc6 Nc5 45. g3 e4+ 46. Kf4 Nd3+ 47. Kxf5 hxg3 48. Bxe4 Nc5 49. Bg2 Nxd7 50. h4 Kf7 51. Kf4 Kg7 52. Kxg3 Kh6 53. Bf3 Ne5 54. Be2 Kg6 55. Kf4 Kf6 56. Ke4 Ke6 57. h5 Nf7 58. Kd4 1-0


[Site "https://www.chess.com"]

[Event "Late Titled Tuesday Blitz February 8 2022"]
[White "Krstulovic, Alex"]
[Black "Gracia Alvarez, Gerardo Antonio"]
[WhiteFideId "760056"]
[BlackFideId "5109124"]
[WhiteElo "2193"]
[BlackElo "2139"]
[Result "1-0"]
[Round "09"]
[TimeControl "180+1"]
[Date "2022.02.09"]
[WhiteClock "0:01:16"]
[BlackClock "0:00:59"]

1. e4 c5 2. Nc3 Nc6 3. g3 g6 4. Bg2 Bg7 5. d3 e6 6. Be3 d6 7. Qd2 Rb8 8. Nge2 Nd4 9. Bxd4 cxd4 10. Nb5 Qb6 11. Qb4 Kd7 12. Qa4 Qa6 13. Qc4 Qc6 14. Nbxd4 Qxc4 15. dxc4 b6 16. O-O-O a6 17. e5 Bb7 18. Nc6 Bxc6 19. Rxd6+ Ke7 20. Rxc6 Bxe5 21. f4 Bd6 22. Rd1 Bc5 23. Rc7+ Kf6 24. Nc3 Be3+ 25. Kb1 Kg7 26. Ne4 Nh6 27. Ng5 Rhd8 28. Nxe6+ 1-0


[Site "https://www.chess.com"]

[Event "Late Titled Tuesday Blitz February 8 2022"]
[White "Kubatko, Ivan"]
[Black "Cunha, Lucas Aguiar"]
[WhiteFideId "24111473"]
[BlackFideId "2125404"]
[WhiteElo "2285"]
[BlackElo "2361"]
[Result "1-0"]
[Round "09"]
[TimeControl "180+1"]
[Date "2022.02.09"]
[WhiteClock "0:00:31"]
[BlackClock "0:00:20"]

1. e4 c5 2. c3 g6 3. d4 cxd4 4. cxd4 d5 5. exd5 Nf6 6. Nc3 Nxd5 7. Qb3 Nxc3 8. Bc4 Nd5 9. Bxd5 e6 10. Bxb7 Bxb7 11. Qxb7 Nd7 12. Nf3 Rb8 13. Qxa7 Bg7 14. O-O O-O 15. Bg5 Qe8 16. b3 h6 17. Bf4 Ra8 18. Qb7 Nf6 19. Bd6 Nd5 20. Rfc1 Rd8 21. Bxf8 Qxf8 22. Qc6 Rb8 23. Qc5 Qd8 24. Ne5 Qg5 25. g3 h5 26. h4 Qf5 27. Qc4 Rb4 28. Qd3 Qh3 29. Qf1 Qf5 30. Rd1 Nc3 31. Rd3 Rxd4 32. Rxd4 Qxe5 33. Rd8+ Kh7 34. Re1 Qc7 35. Rd3 Nxa2 36. Qe2 Nc1 37. Rxc1 Qxc1+ 38. Kg2 Qc6+ 39. Qf3 Qc7 40. b4 e5 41. b5 f5 42. Qc6 Qb8 43. Rd7 e4 44. Qc7 Qf8 45. Rxg7+ Qxg7 46. Qxg7+ Kxg7 47. b6 1-0


[Site "https://www.chess.com"]

[Event "Late Titled Tuesday Blitz February 8 2022"]
[White "Ladan, Nicholas"]
[Black "Fishbein, Alexander"]
[WhiteFideId "30918855"]
[BlackFideId "2000377"]
[WhiteElo "2318"]
[BlackElo "2442"]
[Result "0-1"]
[Round "09"]
[TimeControl "180+1"]
[Date "2022.02.09"]
[WhiteClock "0:00:03"]
[BlackClock "0:00:10"]

1. d4 Nf6 2. c4 g6 3. Nf3 Bg7 4. g3 O-O 5. Bg2 d6 6. O-O Nc6 7. h3 e5 8. d5 Nb8 9. Nc3 a5 10. e4 Na6 11. Ne1 Nc5 12. Nd3 Nfd7 13. f4 Nxd3 14. Qxd3 exf4 15. Bxf4 Ne5 16. Qc2 Bd7 17. Ne2 c6 18. dxc6 bxc6 19. Rad1 Qb6+ 20. Kh2 Qc5 21. b3 a4 22. Nc3 axb3 23. axb3 Be6 24. Rd2 Qb4 25. Rfd1 Rfd8 26. Na4 Nxc4 27. bxc4 Qxa4 28. Bxd6 Qxc2 29. Rxc2 Be5 30. Rcd2 Bxd6 31. Rxd6 Rxd6 32. Rxd6 c5 33. e5 Ra2 34. Kg1 Bxc4 35. Rc6 Ra5 36. Kf2 Be6 37. Ke3 c4 38. Kf4 Kg7 39. Be4 h6 40. h4 Ra3 41. Rc5 Rc3 42. Bd5 Bxd5 43. Rxd5 Rd3 44. Rc5 c3 45. Rc7 Kf8 46. Kg4 Ke8 47. Kf4 Kd8 48. Rc4 Kd7 49. g4 Ke6 50. Rc6+ Kd5 51. Rc8 Kd4 52. h5 g5+ 53. Kf5 Rf3# 0-1


[Site "https://www.chess.com"]

[Event "Late Titled Tuesday Blitz February 8 2022"]
[White "Laith, Kasib"]
[Black "Jarocka, Liwia"]
[WhiteFideId "4801059"]
[BlackFideId "21807558"]
[WhiteElo "1982"]
[BlackElo "1896"]
[Result "0-1"]
[Round "09"]
[TimeControl "180+1"]
[Date "2022.02.09"]
[WhiteClock "0:00:03"]
[BlackClock "0:01:37"]

1. Nf3 c5 2. g3 Nc6 3. Bg2 g6 4. O-O Bg7 5. d3 Nf6 6. e4 d6 7. c3 O-O 8. Re1 Bg4 9. h3 Bxf3 10. Qxf3 Nd7 11. a4 e5 12. Be3 Kh8 13. Qd1 Rc8 14. Nd2 f5 15. exf5 gxf5 16. f4 Qe7 17. a5 Bf6 18. a6 b6 19. Nf3 Qg7 20. Ng5 Bxg5 21. fxg5 f4 22. Bf2 fxg3 23. Bxg3 Qxg5 24. Qg4 Qxg4 25. hxg4 Rg8 26. Kh2 Nf6 27. g5 Rxg5 28. Bh3 Ng4+ 29. Bxg4 Rxg4 30. Re3 Rcg8 31. Rf1 Ne7 32. Rf7 R4g7 33. Ref3 Ng6 34. Rxg7 Kxg7 35. b4 Rf8 36. Rxf8 Kxf8 37. bxc5 bxc5 38. d4 cxd4 39. cxd4 Ke7 40. dxe5 Nxe5 41. Bf2 Nc6 42. Kg2 Ke6 43. Kf3 Nb4 44. Bxa7 Nxa6 45. Bb8 d5 46. Ke3 Nc5 47. Bh2 Ne4 48. Kd4 Nf6 49. Bg1 h5 50. Bh2 h4 51. Bg1 h3 52. Bh2 Ng4 53. Bg3 h2 54. Bxh2 Nxh2 55. Kd3 Ke5 56. Kd2 Ng4 57. Ke2 d4 58. Kd3 Kd5 59. Kd2 Ke4 60. Kd1 d3 61. Ke1 Ke3 62. Kd1 Nf2+ 63. Ke1 d2+ 64. Kf1 d1=Q+ 65. Kg2 Qg4+ 66. Kh2 Ne4 67. Kh1 Kf2 68. Kh2 Qh4# 0-1


[Site "https://www.chess.com"]

[Event "Late Titled Tuesday Blitz February 8 2022"]
[White "Li, Ben"]
[Black "Mladenovic, Stefan"]
[WhiteFideId "2089980"]
[BlackFideId "942227"]
[WhiteElo "2267"]
[BlackElo "2355"]
[Result "0-1"]
[Round "09"]
[TimeControl "180+1"]
[Date "2022.02.08"]
[WhiteClock "0:00:09"]
[BlackClock "0:00:07"]

1. d4 Nf6 2. c4 e6 3. Nf3 b6 4. a3 Bb7 5. Nc3 d5 6. cxd5 exd5 7. Bg5 Be7 8. e3 O-O 9. Bd3 h6 10. Bh4 Nbd7 11. O-O c5 12. Ne5 cxd4 13. exd4 Ne4 14. Bxe7 Qxe7 15. Nxd7 Qxd7 16. Rc1 Rac8 17. Bxe4 dxe4 18. Qd2 f5 19. Rfe1 Rce8 20. d5 Qd6 21. Rcd1 Qe5 22. f4 Qf6 23. Qe3 Rd8 24. Rd2 a6 25. Red1 Rd6 26. Na4 Rfd8 27. Nc3 Kh7 28. h3 g5 29. Kh2 Rg8 30. Rf1 g4 31. hxg4 Rxg4 32. Rc1 Qh4+ 33. Kg1 Rg3 34. Qd4 Rdg6 35. Nxe4 fxe4 36. Rc7+ Rg7 37. Qxe4+ Rg6 38. Rxg7+ Kxg7 39. Rc2 Qd8 40. Qe5+ Kg8 41. d6 Qxd6 42. Qe8+ Kh7 43. Re2 Rg7 44. Qe3 Qd1+ 45. Kh2 Qd5 46. Kg1 Rxg2+ 47. Kf1 Rxe2 48. Kxe2 Qe4 0-1


[Site "https://www.chess.com"]

[Event "Late Titled Tuesday Blitz February 8 2022"]
[White "Lin, Dachey"]
[Black "Goltseva, Ekaterina"]
[WhiteFideId "2029650"]
[BlackFideId "24173770"]
[WhiteElo "2738"]
[BlackElo "2140"]
[Result "0-1"]
[Round "09"]
[TimeControl "180+1"]
[Date "2022.02.08"]
[WhiteClock "0:00:20"]
[BlackClock "0:00:09"]

1. g4 d5 2. Bg2 c6 3. g5 h6 4. h4 e5 5. d4 e4 6. c4 Bb4+ 7. Nc3 Be6 8. Qb3 Bxc3+ 9. bxc3 Qb6 10. c5 Qc7 11. Bf4 Qa5 12. Rb1 Bc8 13. e3 Nd7 14. Ne2 b6 15. Bc7 Ne7 16. Nf4 Ba6 17. Qb4 Qxa2 18. Rb2 Qa5 19. Qxa5 bxa5 20. Kd2 hxg5 21. hxg5 Rxh1 22. Bxh1 a4 23. Bg2 Rc8 24. Bd6 Nf5 25. g6 Nxd6 26. cxd6 Nf8 27. Bh3 Rd8 28. gxf7+ Kxf7 29. d7 Nxd7 30. Ne6 Rb8 31. Rxb8 Nxb8 32. Nc5 Bb5 33. Kc2 Na6 34. Nb7 Nc7 35. Kb2 g5 36. Ka3 Ne8 37. Bd7 Ke7 38. Bg4 Nf6 39. Bf5 Ne8 40. Nc5 Nd6 41. Bg4 Nc4+ 42. Ka2 Nd2 43. Nb7 Nf3 44. Na5 Ne1 45. Ka3 Nd3 46. f3 Nf2 47. Bh5 exf3 48. Bxf3 g4 49. Bg2 g3 50. c4 dxc4 51. Nxc6+ Kd6 52. Ne5 Nd1 53. Kb4 Nxe3 54. Be4 a6 55. Nf7+ Ke7 56. Ne5 g2 57. Bxg2 Nxg2 58. Nxc4 Bxc4 59. Kxc4 Ne3+ 60. Kb4 Kd6 61. Kxa4 Nc4 62. Kb4 Kd5 63. Ka4 Kxd4 64. Kb4 a5+ 65. Ka4 Kc5 66. Kb3 Kb5 67. Kc3 a4 68. Kc2 Kb4 69. Kb1 a3 70. Ka1 Kb3 71. Kb1 Nb6 72. Ka1 Nd5 73. Kb1 Nc7 74. Ka1 Na6 75. Kb1 Nb4 76. Ka1 Nc2+ 77. Kb1 a2+ 78. Kc1 a1=Q+ 79. Kd2 Qc3+ 80. Ke2 Nd4+ 81. Kd1 Qc2+ 82. Ke1 Qe2# 0-1


[Site "https://www.chess.com"]

[Event "Late Titled Tuesday Blitz February 8 2022"]
[White "Maksimovic, Bojan"]
[Black "Weetik, Vjacheslav"]
[WhiteFideId "14408120"]
[BlackFideId "4153472"]
[WhiteElo "2450"]
[BlackElo "2469"]
[Result "1-0"]
[Round "09"]
[TimeControl "180+1"]
[Date "2022.02.08"]
[WhiteClock "0:00:02"]
[BlackClock "0:00:01"]

1. Nf3 Nf6 2. b3 d5 3. Bb2 Bf5 4. e3 Nbd7 5. c4 e6 6. Nc3 c6 7. Be2 h6 8. O-O Bd6 9. d4 Qb8 10. Bd3 Ne4 11. Qc2 Ndf6 12. h3 O-O 13. Rae1 Nxc3 14. Bxc3 Bxd3 15. Qxd3 Ne4 16. Nd2 f5 17. Nxe4 fxe4 18. Qe2 Qd8 19. Qg4 Rf5 20. f3 exf3 21. Rxf3 Rxf3 22. Qxf3 Qg5 23. e4 Rf8 24. Qg4 Qxg4 25. hxg4 Bg3 26. Re2 Rf4 27. exd5 exd5 28. Re7 Bf2+ 29. Kh2 Rxg4 30. g3 Rxg3 31. Bb2 Rd3 32. Rxb7 Rd2 33. Ba3 Rxa2 34. Bd6 Bxd4+ 35. Kh3 dxc4 36. bxc4 a5 37. c5 a4 38. Ra7 Rc2 39. Rxa4 Bxc5 40. Be5 Re2 41. Ba1 Be7 42. Kg4 Re6 43. Kf5 Kf7 44. Ra7 g6+ 45. Kf4 h5 46. Bb2 c5 47. Bc3 Rf6+ 48. Bxf6 Kxf6 49. Ra6+ Kf7 50. Rc6 h4 51. Kg4 g5 52. Kf5 h3 53. Rh6 c4 54. Rh7+ Ke8 55. Ke6 Bf8 56. Rc7 1-0


[Site "https://www.chess.com"]

[Event "Late Titled Tuesday Blitz February 8 2022"]
[White "Mamedyarov, Shakhriyar"]
[Black "Shevchenko, Kirill"]
[WhiteFideId "13401319"]
[BlackFideId "14129574"]
[WhiteElo "2769"]
[BlackElo "2624"]
[Result "0-1"]
[Round "09"]
[TimeControl "180+1"]
[Date "2022.02.08"]
[WhiteClock "0:01:26"]
[BlackClock "0:02:06"]

1. Nc3 Nf6 2. g4 Nxg4 3. e4 d5 4. Nxd5 Nf6 5. Nxf6+ exf6 6. d4 f5 7. e5 Be6 8. Bg2 Bd5 9. Bg5 Qd7 10. Bxd5 Qxd5 11. Nf3 Nc6 12. Qe2 Nxd4 13. Rd1 Qxf3 14. Rxd4 Qxh1+ 15. Kd2 Qc6 16. Qd3 Be7 17. Qa6 bxa6 0-1


[Site "https://www.chess.com"]